 Dungeon Crawl Stone Soup version 0.21.0-25-ge575cb9 (webtiles) character file.

312 Mirai the Sneak (level 6, -3/46 HPs)
             Began as a Human Assassin on Jan 25, 2018.
             Was a Follower of Makhleb.
             Killed from afar by a starcursed mass (9 damage)
             ... with an accursed screaming
             ... on level 1 of the Abyss.
             The game lasted 00:31:30 (4001 turns).

Mirai the Sneak (Human Assassin)                    Turns: 4001, Time: 00:31:30

Health: -3/46      AC:  5    Str: 12    XL:     6   Next: 70%
Magic:  6/6        EV: 15    Int: 11    God:    Makhleb [*.....]
Gold:   184        SH:  0    Dex: 16    Spells: 5/5 levels left

rFire    . . .     SeeInvis +   x - +2 dagger (flame)
rCold    . . .     Gourm    .   (no shield)
rNeg     . . .     Faith    .   D - +0 leather armour
rPois    .         Spirit   .   (no helmet)
rElec    .         Reflect  .   d - +0 cloak
rCorr    .         Harm     .   (no gloves)
MR       .....                  K - +0 pair of boots
Stlth    +++.......             (no amulet)
HPRegen  0.15/turn              L - ring of see invisible
MPRegen  0.10/turn              M - +3 ring of evasion

@: no status effects
A: no striking features
a: Renounce Religion


You were on level 1 of the Abyss.
You worshipped Makhleb.
Makhleb was aware of your devotion.
You were not hungry.

You visited 1 branch of the dungeon, and saw 4 of its levels.
You visited the Abyss 1 time.

You collected 184 gold pieces.

Inventory:

Hand Weapons
 a - a +2 dagger
 b - a +0 blowgun
 h - a +0 glaive
 j - a +0 trident
 m - a +0 hunting sling
 q - a +2 mace of distortion
 t - a +0 short sword
 u - a +0 dagger
 w - a +0 short sword
 x - a +2 dagger of flaming (weapon)
 y - a +0 short sword
 B - a +0 war axe
 C - a +0 whip
 E - a +0 trident
 F - a cursed -1 hand axe
 N - a +0 short sword
Missiles
 e - 8 poisoned needles
 f - 2 curare-tipped needles
Armour
 d - a +0 cloak (worn)
 D - a +0 leather armour (worn)
 K - a +0 pair of boots (worn)
Magical Staves
 H - an uncursed staff of wizardry {unknown}
Jewellery
 L - a ring of see invisible (left hand)
 M - a +3 ring of evasion (right hand)
Scrolls
 k - 2 scrolls of identify
 A - a scroll of magic mapping
Potions
 i - 3 potions of curing
 n - a potion of brilliance {unknown}
 o - a potion of flight {unknown}
 p - a potion of heal wounds {unknown}
 v - a potion of ambrosia {unknown}
Comestibles
 g - 6 rations


   Skills:
 + Level 2.8 Fighting
 + Level 3.9 Short Blades
 + Level 2.0 Throwing
 + Level 2.4 Dodging
 * Level 6.1 Stealth


You had 5 spell levels left.
You didn't know any spells.

Dungeon Overview and Level Annotations

Branches:
Dungeon (4/15)
 Temple: D:4-7

Altars:
Cheibriados
Fedhas
Gozag
Makhleb
Okawaru
Ru
Trog
Uskayaw
Zin
The Shining One


Message History

You hit the starcursed mass but do no damage.
You hit the starcursed mass but do no damage.
You hit the starcursed mass but do no damage.
A deafening chorus of shrieks assaults your mind!
The starcursed mass barely misses you.
A starcursed mass splits.
You hit the starcursed mass but do no damage.
You hit the starcursed mass but do no damage.
The starcursed mass engulfs you!
You are too injured to fight recklessly!
You are too injured to fight recklessly!
A starcursed mass splits.
A chorus of shrieks assaults your mind.
* * * LOW HITPOINT WARNING * * *
Found a pair of gloves.
As you read the scroll labeled NIPIRE NIDYE, it crumbles to dust.
It is a scroll of brand weapon.
Your +2 dagger of speed is engulfed in flames!
x - a +2 dagger of flaming (weapon)
A deafening chorus of shrieks assaults your mind!
You die...

. .# .# ##. # #. ###
#..# .. .... X...#
....#X. ## #..?..##.#
#.
..#..##############
#.##.#.XX..X.X@...[.#
# ####..X..####.##.##
# ...#.#.# ..#
####....## ..#
#.#.#.# ..# #.....#
#.. . #.#.#.# ## ##.
. #. .#..... . . .
.#. . ...


You could see 5 starcursed masses.

Vanquished Creatures
  The ghost of RollingDesktops the Slasher, an amateur GnCK of Nemelex Xobeh (D:3)
  A bullfrog (D:3)
  6 adders
  An ooze (D:2)
  4 worms
  6 dart slugs
  5 leopard geckos
  7 orcs
  9 giant cockroaches
  4 hobgoblins
  4 jackals (D:1)
  2 ball pythons
  5 bats
  3 frilled lizards
  4 goblins
  5 kobolds
  4 rats
71 creatures vanquished.

Notes
Turn   | Place    | Note
-------+----------+-------------------------------------------
     0 | D:1      | Mirai the Human Assassin began the quest for the Orb.
     0 | D:1      | Reached XP level 1. HP: 16/16 MP: 1/1
   127 | D:1      | Reached XP level 2. HP: 12/22 MP: 2/2
   544 | D:1      | Reached XP level 3. HP: 16/27 MP: 3/3
  1121 | D:2      | Reached skill level 5 in Stealth
  1314 | D:2      | Reached XP level 4. HP: 19/33 MP: 4/4
  1780 | D:2      | Found a faded altar of an unknown god.
  1947 | D:2      | Found an opulent altar of Gozag.
  2209 | D:2      | Found a sacrificial altar of Ru.
  2275 | D:2      | Found a blossoming altar of Fedhas.
  2333 | D:3      | Reached XP level 5. HP: 31/38 MP: 5/5
  2558 | D:3      | Found a burning altar of Makhleb.
  2873 | D:3      | Became a worshipper of Makhleb the Destroyer
  2943 | D:3      | Noticed a bullfrog
  2957 | D:3      | Killed a bullfrog
  3020 | D:3      | Reached XP level 6. HP: 32/46 MP: 6/6
  3228 | D:3      | Found a sacrificial altar of Ru.
  3228 | D:3      | Found a bloodstained altar of Trog.
  3228 | D:3      | Found a glowing golden altar of the Shining One.
  3228 | D:3      | Found a glowing silver altar of Zin.
  3230 | D:3      | Found a snail-covered altar of Cheibriados.
  3231 | D:3      | Found an iron altar of Okawaru.
  3232 | D:3      | Found a hide-covered altar of Uskayaw.
  3242 | D:3      | Reached * piety under Makhleb
  3460 | D:3      | Noticed RollingDesktops's ghost (amateur GnCK)
  3531 | D:3      | Killed RollingDesktops's ghost
  3531 | D:3      | Reached skill level 6 in Stealth
  3937 | D:3      | Cast into level 1 of the Abyss (a distortion unwield)
  3937 | Abyss:1  | Found a corrupted altar of Lugonu.
  3979 | Abyss:1  | Noticed a starcursed mass
  4001 | Abyss:1  | Killed from afar by a starcursed mass

Skill      XL: |  1  2  3  4  5  6 |
---------------+-------------------+-----
Stealth        | 5 6 |  6.1
Short Blades   | 3 |  3.9
Dodging        | 2 |  2.4
Fighting       | |  2.8
Throwing       | |  2.0

Action                   |  1- 3 |  4- 6 || total
-------------------------+-------+-------++-------
Melee: Dagger            |    82 |   239 ||   321
  Use: Scroll            |     1 |     7 ||     8
       Potion            |     1 |     1 ||     2
 Stab: Sleeping          |     4 |    10 ||    14
       Distracted        |       |     1 ||     1
  Eat: Chunk             |     1 |     8 ||     9
       Ration            |       |     1 ||     1
Armor: Robe              |    21 |    22 ||    43
       Skin              |       |     1 ||     1
Dodge: Dodged            |    48 |    98 ||   146
